 Dungeon Crawl Stone Soup version 0.28-a0-479-g5baa6b73be (webtiles) character file.

Game seed: 1861885132597567651

65 tatocazan the Skirmisher (level 3, -3/29 HPs)
             Began as a Demonspawn Fighter on Sept 17, 2021.
             Slain by a kobold (4 damage)
             ... on level 2 of the Dungeon.
             The game lasted 00:01:29 (1388 turns).

tatocazan the Skirmisher (Demonspawn Fighter)       Turns: 1388, Time: 00:01:29

Health: -3/29      AC:  7    Str: 17    XL:     3   Next: 92%
Magic:  3/3        EV:  9    Int:  9    God:
Gold:   57         SH:  4    Dex: 12    Spells: 2/2 levels left

rFire   . . .      SeeInvis .   a - +0 war axe
rCold   . . .      Faith    .   c - +0 buckler
rNeg    . . .      Spirit   .   b - +0 scale mail
rPois   .          Reflect  .   (helmet restricted)
rElec   .          Harm     .   (no cloak)
rCorr   .          Rampage  .   (no gloves)
Will    .....                   h - +0 pair of boots
Stlth   ..........              (no amulet)
HPRegen 0.09/turn               j - ring of flight
MPRegen 0.08/turn               (no ring)

@: flying
A: antennae 1, powered by death 1
a: no special abilities


You were on level 2 of the Dungeon.
You visited 1 branch of the dungeon, and saw 2 of its levels.

You collected 57 gold pieces.

Inventory:

Hand Weapons
 a - a +0 war axe (weapon)
Missiles
 f - 7 javelins (quivered)
Armour
 b - a +0 scale mail (worn)
 c - a +0 buckler (worn)
 h - a +0 pair of boots (worn)
Jewellery
 j - a ring of flight (left hand)
Scrolls
 e - 2 scrolls of enchant armour {unknown}
 k - a scroll of teleportation {unknown}
Potions
 d - a potion of might
 g - a potion of curing {unknown}
 i - a potion of mutation {unknown}


   Skills:
 + Level 3.4 Fighting
 * Level 2.6 Axes
 + Level 3.1 Armour
 + Level 3.1 Shields


You had 2 spell levels left.
You didn't know any spells.
Your spell library contained the following spells:

 Spells                   Type           Power      Damage    Failure   Level
 Gell's Gravitas          Tloc           0%         N/A       99%         3
 Lesser Beckoning         Tloc           0%         N/A       99%         3
 Teleport Other           Tloc           0%         N/A       99%         3


Dungeon Overview and Level Annotations

Branches:
Dungeon (2/15)

Altars:


Innate Abilities, Weirdness & Mutations

You have a pair of small antennae on your head.
You regenerate a little health from kills.


Message History

You are too injured to fight recklessly!
You are too injured to fight recklessly!
You are too injured to fight recklessly!
You are too injured to fight recklessly!
You are too injured to fight recklessly!
You are too injured to fight recklessly!
You are too injured to fight recklessly!
You are too injured to fight recklessly!
You closely miss the adder.
The adder is moderately wounded.
You miss the kobold.
You feel sick.
You are no longer poisoned.
The adder closely misses you. The kobold hits you but does no damage.
The adder bites you. The kobold closely misses you.
You take 1 damage, and have 12/29 hp.
You hit the adder.
The adder is almost dead.
You hit the kobold. The adder bites you but does no damage.
The kobold hits you with a +0 whip. The adder barely misses you.
You take 2 damage, and have 10/29 hp.
You miss the adder.
The adder is almost dead.
You closely miss the kobold. You block the adder's attack.
The kobold hits you but does no damage. The adder bites you.
* * * LOW HITPOINT WARNING * * *
You take 4 damage, and have 6/29 hp.
You barely miss the adder.
The adder is almost dead.
You completely miss the kobold. The kobold misses you. The adder bites you.
* * * LOW HITPOINT WARNING * * *
The kobold hits you with a +0 whip.
* * * LOW HITPOINT WARNING * * *
You take 4 damage, and have 2/29 hp.
You miss the adder.
The adder is almost dead.
You hit the kobold but do no damage. The adder barely misses you.
The adder bites you.
* * * LOW HITPOINT WARNING * * *
The kobold hits you with a +0 whip.
You die...

########.......###+####
## #..............#
#.#####........#
#............#####
#.##............<.
#..........##
#..........#
##.........#
#####@###.# #SK....#
........# +........#
#........# .........#
##...)....# #........#


You could see an adder and a kobold.

Vanquished Creatures
  A hound (D:2)
  3 ball pythons (D:1)
  7 bats
  2 endoplasms (D:2)
  A giant cockroach (D:1)
  3 hobgoblins
  A quokka (D:2)
  6 frilled lizards
  3 goblins
  4 kobolds
  3 rats (D:1)
34 creatures vanquished.

Notes
Turn   | Place    | Note
-------+----------+-------------------------------------------
     0 | D:1      | tatocazan the Demonspawn Fighter began the quest for the
                  | Orb.
     0 | D:1      | Reached XP level 1. HP: 18/18 MP: 1/1
   321 | D:1      | Gained mutation: You regenerate a little health from kills.
                  | [demonic ancestry]
   321 | D:1      | Reached XP level 2. HP: 24/24 MP: 2/2
  1247 | D:2      | Gained mutation: You have a pair of small antennae on your
                  | head. [demonic ancestry]
  1247 | D:2      | Reached XP level 3. HP: 27/29 MP: 3/3
  1388 | D:2      | HP: 1/29 [adder (1)]
  1388 | D:2      | Slain by a kobold

Illustrated notes

Levels and vault maps discovered:
D:1:      lightli_arrival_isolated_outpost, layout_basic
D:2:      layout_basic, dreamdust_ecumenical_altar_statues, uniq_terence,
          uniq_robin

Skill      XL: |  1  2 |
---------------+-------+-----
Axes           | 2 |  2.6
Shields        | 3 |  3.1
Armour         | 3 |  3.1
Fighting       | |  3.4

Action                   || total
-------------------------++-------
Melee: War axe           ||    95
Armor: Scale mail        ||    50
Dodge: Dodged            ||    54
Block: Buckler           ||    23

Table legend: (Time is in decaauts)
 A = Elapsed time spent in this place.
 B = Non-inter-level travel time spent in this place.
 C = Inter-level travel time spent in this place.
 D = Time resting spent in this place.
 E = Time spent auto-exploring this place.
 F = Levels seen in this place.
 G = Mean time per level.
                   A        B        C        D        E       F      G
               +--------+--------+--------+--------+--------+-----+--------+
         Total |   1429 |   1412 |     17 |      0 |   1160 |   2 |  714.5 |
       Dungeon |   1429 |   1412 |     17 |      0 |   1160 |   2 |  714.5 |
               +--------+--------+--------+--------+--------+-----+--------+

Top non-repeatable levels by time:
     D:1: 1109 daAuts
     D:2: 320 daAuts
